 Dungeon Crawl Stone Soup version 0.19.0-20-gbc5f0c6 (webtiles) character file.

862 dobroeutro the Archer (level 7, -5/55 HPs)
             Began as a Centaur Hunter on Nov 16, 2016.
             Was an Initiate of Okawaru.
             Killed by nerve-wracking pain
             ... invoked by an orc priest
              (13 damage)
             ... on level 5 of the Dungeon.
             The game lasted 00:05:13 (3737 turns).

dobroeutro the Archer (Centaur Hunter)              Turns: 3737, Time: 00:05:14

Health: -5/55      AC:  7    Str: 15    XL:     7   Next: 72%
Magic:  7/7        EV:  9    Int: 10    God:    Okawaru [......]
Gold:   148        SH:  0    Dex: 11    Spells: 0 memorised, 6 levels left

rFire  . . .     SeeInvis .     w - +1 trident (flame)
rCold  . . .     Gourm    .     n - +0 leather armour (curse)
rNeg   . . .     Faith    .     (no shield)
rPois  .         Spirit   .     o - +0 helmet
rElec  .         Reflect  .     (no cloak)
rCorr  .         Harm     .     e - +1 pair of gloves
MR     .....                    (no barding)
Stlth  +.........               s - amulet of regeneration
                                (no ring)
                                (no ring)

@: drained, very quick
A: hooves 3, deformed body, speed 2, tough skin 3
a: Renounce Religion


You were on level 5 of the Dungeon.
You worshipped Okawaru.
Okawaru was noncommittal.
You were not hungry.

You visited 1 branch of the dungeon, and saw 5 of its levels.

You collected 148 gold pieces.

Inventory:

Hand Weapons
 a - a +1 shortbow
 w - a +1 trident of flaming (weapon)
Missiles
 d - 78 arrows
Armour
 e - a +1 pair of gloves (worn)
 n - a cursed +0 leather armour (worn)
 o - a +0 helmet (worn)
 x - a +2 robe of positive energy
Jewellery
 s - an amulet of regeneration (around neck)
Wands
 l - a wand of lightning (6/15)
 v - a wand of paralysis (17/24)
 y - a wand of hasting (4/9)
Scrolls
 c - 2 scrolls of enchant armour {unknown}
 i - 6 scrolls of identify {unknown}
 j - a scroll of amnesia {unknown}
 k - 3 scrolls of blinking {unknown}
 m - a scroll of enchant weapon {unknown}
 q - a scroll of magic mapping {unknown}
 r - a scroll of teleportation {unknown}
 t - a scroll of immolation {unknown}
Potions
 b - a potion of agility {unknown}
 g - 2 potions of ambrosia {unknown}
 h - a potion of cure mutation {unknown}
 p - a potion of curing {unknown}
 z - a potion of mutation {unknown}
 A - a potion of brilliance {unknown}
 C - a potion of resistance {unknown}
Comestibles
 f - 2 bread rations
 u - a slice of pizza
 B - 8 chunks of flesh


   Skills:
 - Level 2.0(1.2) Fighting
 + Level 2.4(1.6) Polearms
 + Level 11.7(10.7) Bows
 - Level 1.3(0.6) Dodging
 - Level 0.4(0.0) Stealth


You had 6 spell levels left.
You didn't know any spells.

Dungeon Overview and Level Annotations

Branches:
Dungeon (5/15)
 Temple: D:4-7

Altars:
Cheibriados
Dithmenos
Kikubaaqudgha
Okawaru
Uskayaw
Zin


Innate Abilities, Weirdness & Mutations

You have hooves in place of feet.
Armour fits poorly on your strangely shaped body.
You cover ground very quickly.
You have extremely tough skin. (AC +3)


Message History

You hit the phantom. You burn the phantom. Your kick misses the phantom.
The phantom is severely damaged.
The phantom hits you.
* * * LOW HITPOINT WARNING * * *
The orc priest mumbles some strange prayers to Beogh against you.
Beogh smites you!
* * * LOW HITPOINT WARNING * * *
Firing (i - inventory): No suitable missiles.
Press: ? - help, Shift-Dir - straight line, f/p - phantom
Aim: a phantom (severely damaged)
Okay, then.
Attack whom?
Press: ? - help, Dir - move target cursor, f - orc priest, p - phantom
Aim: an orc priest, wielding a hand axe (heavily wounded)
You barely miss the orc priest.
The orc priest is heavily wounded.
The phantom blinks!
The orc priest calls down the wrath of Beogh upon you.
Pain shoots through your body!
You die...

#....## ..... #......
##..... #...... .......
#....## ....... .#
#....##.......
..####.............
.....)..............
..........#.........
..............@o#.......
..............ยง.).W.....
. #...(.............#.....
.###..........)##.........
..........................
...........##.#...........
...........#..#........>
.............##...#.....
........)..####.........


You could see a phantom and an orc priest.

Vanquished Creatures
  Sigmund (D:3)
  A water moccasin skeleton (D:4)
  A howler monkey (D:5)
  A crimson imp (D:4)
  A jelly (D:5)
  A hound (D:4)
  A centaur skeleton (D:4)
  5 orc wizards
  Terence (D:2)
  An iguana (D:5)
  Ijyb (D:3)
  Natasha (twice) (D:3)
  4 worker ants
  4 adders
  An ooze (D:2)
  A worm (D:3)
  2 dart slugs
  A leopard gecko (D:3)
  18 orcs
  3 ball pythons
  3 giant cockroaches
  3 hobgoblins
  9 jackals (D:4)
  2 quokkas
  4 bats
  3 frilled lizards
  5 goblins
  4 kobolds
  4 rats
88 creatures vanquished.

Notes
Turn   | Place    | Note
-------+----------+-------------------------------------------
     0 | D:1      | dobroeutro the Centaur Hunter began the quest for the Orb.
     0 | D:1      | Reached XP level 1. HP: 17/17 MP: 1/1
   751 | D:1      | Reached XP level 2. HP: 24/24 MP: 2/2
   959 | D:2      | Reached skill level 6 in Bows
  1084 | D:2      | Noticed Terence
  1089 | D:2      | Killed Terence
  1089 | D:2      | Reached XP level 3. HP: 25/29 MP: 3/3
  1145 | D:2      | Reached skill level 7 in Bows
  1595 | D:3      | Found a shadowy altar of Dithmenos.
  1622 | D:3      | Found a glowing silver altar of Zin.
  1623 | D:3      | Noticed an angel
  1842 | D:3      | Reached XP level 4. HP: 33/36 MP: 4/4
  1897 | D:3      | Reached skill level 8 in Bows
  2045 | D:3      | Reached XP level 5. HP: 23/41 MP: 5/5
  2053 | D:3      | Noticed Sigmund
  2074 | D:3      | Killed Sigmund
  2074 | D:3      | Reached skill level 9 in Bows
  2074 | D:3      | Reached XP level 6. HP: 37/48 MP: 6/6
  2229 | D:3      | Noticed Ijyb
  2234 | D:3      | Killed Ijyb
  2287 | D:3      | Noticed Natasha
  2289 | D:3      | Reached skill level 10 in Bows
  2294 | D:3      | Killed Natasha
  2333 | D:3      | Noticed Natasha
  2340 | D:3      | Killed Natasha
  2347 | D:3      | Found a snail-covered altar of Cheibriados.
  2859 | D:4      | Found an iron altar of Okawaru.
  2860 | D:4      | Found a shadowy altar of Dithmenos.
  2862 | D:4      | Became a worshipper of Warmaster Okawaru
  2868 | D:4      | Found an ancient bone altar of Kikubaaqudgha.
  2907 | D:4      | Reached XP level 7. HP: 55/55 MP: 7/7
  3053 | D:4      | Reached skill level 11 in Bows
  3299 | D:4      | Reached skill level 1 in Polearms
  3367 | D:4      | Found a hide-covered altar of Uskayaw.
  3547 | D:5      | Entered Level 5 of the Dungeon
  3737 | D:5      | Killed from afar by an orc priest

Skill      XL: |  1  2  3  4  5  6  7 |
---------------+----------------------+-----
Bows           | 6 7 8 9 10 11 | 11.7
Polearms       | 2 |  2.4
Fighting       | |  2.0
Dodging        | |  1.3
Stealth        | |  0.4

Action                   |  1- 3 |  4- 6 |  7- 9 || total
-------------------------+-------+-------+-------++-------
Melee: Short sword       |   111 |    28 |       ||   139
       Kick              |    19 |    27 |    29 ||    75
       Trident           |       |   103 |   133 ||   236
 Fire: Shortbow          |     5 |    49 |       ||    54
  Eat: Chunk             |     1 |     4 |     2 ||     7
Armor: Leather armour    |    67 |    68 |    51 ||   186
Dodge: Dodged            |    40 |    78 |    60 ||   178
